 Dungeon Crawl Stone Soup version 0.23-a0-473-gc8aadda88e (webtiles) character file.

54 Hebeqt the Ruffian (level 3, 0/36 HPs)
             Began as a Troll Monk on Nov 28, 2018.
             Slain by a goblin (3 damage)
             ... led by Robin
             ... on level 2 of the Dungeon.
             The game lasted 00:05:03 (632 turns).

Hebeqt the Ruffian (Troll Monk)                      Turns: 632, Time: 00:05:04

Health: 0/36       AC:  5    Str: 19    XL:     3   Next: 66%
Magic:  2/2        EV: 11    Int:  6    God:
Gold:   10         SH:  0    Dex: 13    Spells: 2/2 levels left

rFire    . . .     SeeInvis .     - Unarmed
rCold    . . .     Gourm    +   (no shield)
rNeg     . . .     Faith    .   a - +0 robe
rPois    .         Spirit   .   (helmet restricted)
rElec    .         Reflect  .   (no cloak)
rCorr    .         Harm     .   (gloves unavailable)
MR       .....                  (boots unavailable)
Stlth    ++........             (no amulet)
HPRegen  0.52/turn              (no ring)
MPRegen  0.08/turn              (no ring)

@: no status effects
A: large, unfitting armour, claws 3, fast metabolism 3, gourmand, regeneration
1, shaggy fur 1, tough skin 2
a: no special abilities


You were on level 2 of the Dungeon.
You were full.

You visited 1 branch of the dungeon, and saw 2 of its levels.

You collected 10 gold pieces.

Inventory:

Missiles
 c - 29 poisoned needles
Armour
 a - a +0 robe (worn)
Scrolls
 d - 2 scrolls of enchant weapon {unknown}
 f - a scroll of identify {unknown}
 h - a scroll of fear {unknown}
Potions
 e - 2 potions of agility {unknown}
 g - 3 potions of invisibility {unknown}
 i - a potion of berserk rage {unknown}
Comestibles
 b - 2 rations


   Skills:
 + Level 2.8 Fighting
 + Level 2.7 Dodging
 - Level 1.0 Stealth
 * Level 4.0 Unarmed Combat


You had 2 spell levels left.
You didn't know any spells.
Your spell library was empty.

Dungeon Overview and Level Annotations

Branches:
Dungeon (2/15)

Altars:

Annotations:
D:2 Robin


Innate Abilities, Weirdness & Mutations

You are too large for most types of armour.
You have claws for hands.
Your metabolism is lightning-fast.
You like to eat raw meat.
Your natural rate of healing is unusually fast.
You are covered in fur. (AC +1)
You have very tough skin. (AC +2)


Message History

The hobgoblin hits you but does no damage.
The goblin hits you.
* * * LOW HITPOINT WARNING * * *
You claw the hobgoblin!
You kill the hobgoblin!
The goblin barely misses you. The goblin hits you.
* * * LOW HITPOINT WARNING * * *
The goblin hits you.
* * * LOW HITPOINT WARNING * * *
The goblin closely misses you. The goblin misses you.
Things that are here:
a hobgoblin corpse; a goblin corpse The goblin hits you.
* * * LOW HITPOINT WARNING * * *
The goblin closely misses you. Robin throws the goblin at you!
The goblin hits you but does no damage.
You closely miss the goblin.
The goblin no longer looks unusually strong.
The goblin closely misses you. The goblin hits you.
You die...

##.....## g...
#.......# g....
#.......###g.....
#..............#
##)....####g..##
#g).....# .##
#†......# #
#$ggg...#
##.@...## ##g..##
#####


You could see Robin and 4 goblins.

Vanquished Creatures
  2 adders (D:2)
  A worm (D:2)
  A dart slug (D:1)
  A leopard gecko (D:1)
  A giant cockroach (D:1)
  10 goblins
  5 hobgoblins
  3 bats
  A frilled lizard (D:1)
  5 kobolds
30 creatures vanquished.

Vanquished Creatures (others)
  A worm (D:2)
  4 toadstools (D:1)
5 creatures vanquished.

Grand Total: 35 creatures vanquished

Notes
Turn   | Place    | Note
-------+----------+-------------------------------------------
     0 | D:1      | Hebeqt the Troll Monk began the quest for the Orb.
     0 | D:1      | Reached XP level 1. HP: 22/22 MP: 0/0
   124 | D:1      | Reached XP level 2. HP: 26/29 MP: 1/1
   418 | D:2      | Reached XP level 3. HP: 21/36 MP: 2/2
   581 | D:2      | Reached skill level 4 in Unarmed Combat
   600 | D:2      | Noticed Robin
   632 | D:2      | Slain by a goblin

Vault maps used:
D:1:      ldierk_water_garden, nrook_mini_vaults
D:2:      grunt_temple_overflow_holy_war, grunt_temple_overflow_diamond,
          uniq_robin

Skill      XL: |  1  2  3 |
---------------+----------+-----
Unarmed Combat | 4 |  4.0
Fighting       | |  2.8
Dodging        | |  2.7
Stealth        | |  1.0

Action                   || total
-------------------------++-------
Melee: Unarmed           ||    89
 Stab: Sleeping          ||     2
  Eat: Chunk             ||     7
Armor: Robe              ||    31
Dodge: Dodged            ||    68

Table legend:
 A = Non-vault XP
 B = Vault XP
 C = Vault XP percentage of total XP
 D = Non-vault monster count
 E = Vault monster count
 F = Vault count percentage of total count
                 A         B        C        D         E       F
            +---------+---------+-------+---------+---------+-------
      Total |      68 |      10 |  12.8 |      24 |       6 |  20.0
            +---------+---------+-------+---------+---------+-------
        D:1 |      25 |       0 |   0.0 |      14 |       0 |   0.0
        D:2 |      43 |      10 |  18.9 |      10 |       6 |  37.5
            +---------+---------+-------+---------+---------+-------
